 Dungeon Sprint DCSS version 0.31-a0-1458-g2f8d4710b4 (webtiles) character file.

Game seed: 14381072648811865905

5584 Groucho the Unseen (level 10, -20/51 HPs)
             Began as a Spriggan Enchanter on Dec 28, 2023.
             Was a Priest of Dithmenos.
             Succumbed to poison (dark miasma)
             ... in the Dungeon (Sprint II: "The Violet Keep of Menkaure").
             The game lasted 00:07:53 (1372 turns).

Groucho the Unseen (Spriggan Enchanter)             Turns: 1372, Time: 00:07:54

Health: -20/51     AC:  2    Str:  4    XL:     10   Next: 45%
Magic:  13/22      EV: 19    Int: 21    God:    Dithmenos [***...]
Gold:   459        SH:  0    Dex: 16    Spells: 9/24 levels left

rFire   . . .        a - +1 dagger
rCold   . . .        (no shield)
rNeg    . . .        b - +0 robe
rPois   .            (helmet restricted)
rElec   .            (no cloak)
rCorr   .            (gloves unavailable)
SInv    +            (boots unavailable)
Will    +....        (no amulet)
Stlth   +++++++++    e - ring of flight
HPRegen 0.28/turn    (no ring)
MPRegen 0.18/turn

%: no teleportation
@: lethally poisoned (-20 -> -91), flying, slowed, wreathed by umbra, quick
A: very small, no large weapons, unfitting armour, see invisible, speed 3
a: Renounce Religion, Shadow Step


You were in the Dungeon.
You worshipped Dithmenos.
Dithmenos was most pleased with you.
You visited 1 branch You collected 1307 gold pieces.
You spent 848 gold pieces at shops.

Inventory:

Hand Weapons
 a - a +1 dagger (weapon)
Armour
 b - a +0 robe (worn)
Jewellery
 e - a ring of flight (left hand)
Scrolls
 i - a scroll of blinking
Potions
 f - a potion of haste
 g - 2 potions of magic
 h - a potion of berserk rage


   Skills:
 - Level 5.0 Fighting
 - Level 10.0 Short Blades
 - Level 5.0 Dodging
 - Level 15.0 Stealth
 + Level 7.5 Spellcasting
 - Level 10.0 Conjurations
 - Level 14.0 Hexes
 - Level 7.0 Earth Magic
 - Level 7.0 Alchemy


You had 9 spell levels left.
You knew the following spells:

 Your Spells              Type           Power      Damage    Failure   Level
a - Ensorcelled Hibernat  Hex/Ice        74%        N/A       1%          2
b - Confusing Touch       Hex            61%        N/A       1%          3
c - Dazzling Flash        Conj/Hex       100%       N/A       1%          3
d - Stone Arrow           Conj/Erth      86%        3d12      1%          3
e - Petrify               Alch/Erth      37%        N/A       4%          4

Your spell library contained the following spells:

 Spells                   Type           Power      Damage    Failure   Level
 Sandblast                Erth           74%        2d16      1%          1
 Jinxbite                 Hex            100%       N/A       1%          2
 Passwall                 Erth           37%        N/A       1%          3
 Tukima's Dance           Hex            61%        N/A       1%          3
 Brom's Barrelling Bould  Conj/Erth      43%        2d6       2%          4
 Irradiate                Conj/Alch      21%        3d18      7%          5
 Apportation              Tloc           14%        N/A       9%          1
 Sublimation of Blood     Necr           7%         N/A       13%         2
 Alistair's Intoxication  Alch           24%        N/A       13%         5


Dungeon Overview and Level Annotations

Branches:
Dungeon (1/1)

Altars:
Cheibriados
Dithmenos
Elyvilon
Fedhas
Gozag
Hepliaklqana
Kikubaaqudgha
Makhleb
Nemelex Xobeh
Okawaru
Qazlal
Ru
Sif Muna
Trog
Uskayaw
Vehumet
Wu Jian
Xom
Yredelemnul
Zin
The Shining One
Jiyva
Lugonu

Shops:
D =[:!:=?::=[[!([

Annotations:
D exclusion: oklob plant


Innate Abilities, Weirdness & Mutations

You are very small and have problems with some larger weapons.
You are too small for most types of armour.
You have supernaturally acute eyesight. (SInv)
You cover ground extremely quickly. (Speed+++)


Message History

The helpless swamp drake fails to defend itself.
You perforate the swamp drake like a sieve!!!!
You kill the swamp drake!
Dithmenos accepts your kill.
Casting: Ensorcelled Hibernation (safe; 1% risk of failure)
Confirm with . or Enter, or press ? or * to list all spells.
Aiming: Ensorcelled Hibernation (safe; 1% risk of failure)
Press: ? - help, Shift-Dir - straight line, f - death drake
Aim: a death drake (umbra, chance to affect: 45%)
The death drake resists with some effort.
A death drake comes into view.
The death drake breathes miasma at you. The foul vapour engulfs you!
You are poisoned.
The death drake moves out of view.
Unknown command.
Casting: Ensorcelled Hibernation (safe; 1% risk of failure)
Confirm with . or Enter, or press ? or * to list all spells.
Aiming: Ensorcelled Hibernation (safe; 1% risk of failure)
Press: ? - help, Shift-Dir - straight line, f/p - death drake
Aim: a death drake (foul pestilence, catching its breath, umbra, chance to affect: 45%)
The death drake looks drowsy...
You are engulfed in dark miasma.
You are lethally poisoned!
You feel extremely sick.
The helpless death drake fails to defend itself.
You perforate the death drake like a sieve!!!!
You kill the death drake!
Dithmenos accepts your kill.
You are engulfed in dark miasma.
You are more poisoned.
You feel yourself slow down.
* * * LOW HITPOINT WARNING * * *
You feel extremely sick.
Training target 10.0 for Conjurations reached!
Your Spellcasting skill gained 2 levels and is now at level 7!
Your Conjurations skill increases to level 10!
Unknown command.
You reach down and close the door.
You are engulfed in dark miasma.
You are more poisoned.
* * * LOW HITPOINT WARNING * * *
You die... #§≈°≈○≈≈S≈##≈..^### ## §§≈°≈ #)≈.....# ~#+++#+++#####...^# ## ~.........#..†....# .# ~~†##+##..#..####.# .# ~~###.###.####..'.##.# ~~#..#..#....#..#..°#### $ ####.#.####..#####°.##.# $$ #.###'###.##..#°@+°.#.÷# (?![$

.).##.##.#.#..#°°#°.#..#▓$$$??
.#.'.<.'###+..####.°##.#▓!?(!!
...##.##.#.#....###^.)##▓▓▓▓▓▓
#.###'###.##......~~~~~~~~~~~~
####...####~~.....~#'########+
~~#..#..#~~~~~~§§.~#....._._#§
#~##.#.##~~~§~~~~§§#...._._.#§
#~~##+##~~~§≈§§§§§~#..._._._#~


There were no monsters in sight!

Vanquished Creatures
  A deep elf master archer (D)
  A great orb of eyes (D)
  A death drake (D)
  A merfolk siren (D)
  A yaktaur (D)
  A hornet (D)
  4 polar bears (D)
  A blink frog (D)
  2 wyverns (D)
  Menkaure (D)
  A swamp drake (D)
  5 crocodiles (D)
  4 necrophages (D)
  4 scorpions (D)
28 creatures vanquished.

Vanquished Creatures (others)
  A polar bear (D)
1 creature vanquished.

Grand Total: 29 creatures vanquished

Notes
Turn   | Place    | Note
-------+----------+-------------------------------------------
     0 | D        | Groucho the Spriggan Enchanter began the quest for the Orb.
     0 | D        | Reached XP level 1. HP: 9/9 MP: 5/5
     3 | D        | Noticed a scorpion
     3 | D        | Noticed a scorpion
     3 | D        | Noticed a scorpion
     3 | D        | Noticed a scorpion
    10 | D        | Killed a scorpion
    11 | D        | Reached skill level 6 in Stealth
    11 | D        | Reached skill level 5 in Hexes
    11 | D        | Reached XP level 2. HP: 15/15 MP: 6/8
    11 | D        | Reached XP level 3. HP: 18/18 MP: 6/9
    13 | D        | Killed a scorpion
    14 | D        | Reached skill level 5 in Short Blades
    14 | D        | Reached skill level 5 in Dodging
    14 | D        | Reached skill level 7 in Stealth
    14 | D        | Reached skill level 5 in Spellcasting
    14 | D        | Reached XP level 4. HP: 24/24 MP: 7/12
    14 | D        | Killed a scorpion
    15 | D        | Reached skill level 10 in Stealth
    15 | D        | Reached XP level 5. HP: 30/30 MP: 7/13
    16 | D        | Reached skill level 5 in Fighting
    16 | D        | Reached skill level 11 in Stealth
    24 | D        | Noticed a wyvern
    24 | D        | Noticed a wyvern
    31 | D        | Reached skill level 13 in Stealth
    31 | D        | Reached XP level 6. HP: 35/35 MP: 8/14
    32 | D        | Reached skill level 15 in Stealth
    69 | D        | Learned a level 2 spell: Ensorcelled Hibernation
    73 | D        | Learned a level 3 spell: Confusing Touch
    77 | D        | Learned a level 3 spell: Dazzling Flash
    84 | D        | Killed a wyvern
    85 | D        | Reached XP level 7. HP: 39/39 MP: 11/15
    88 | D        | Killed a wyvern
    96 | D        | Noticed a merfolk siren
    99 | D        | Killed a merfolk siren
   100 | D        | Reached skill level 10 in Short Blades
   100 | D        | Reached XP level 8. HP: 43/43 MP: 6/16
   105 | D        | Found Lyfas Napp's Distillery.
   105 | D        | Found Zeofitra's Book Boutique.
   105 | D        | Found Rifimamu's Antique Armour Shop.
   105 | D        | Found Essuclown's Jewellery Boutique.
   105 | D        | Found Tiaheeje's Antique Armour Boutique.
   105 | D        | Found Tucau's Antique Weapon Boutique.
   106 | D        | Found Wuakoze's Antique Armour Shop.
   106 | D        | Found Toeropn's Book Boutique.
   106 | D        | Found Zaamiakk's Magic Scroll Shop.
   107 | D        | Found Bilicsest's Jewellery Shop.
   107 | D        | Noticed a cane toad
   109 | D        | Found Qejo's Book Boutique.
   109 | D        | Found Ocaeggys's Distillery.
   109 | D        | Noticed a cane toad
   109 | D        | Noticed an oklob plant
   110 | D        | Found Hinapty's Antique Armour Shop.
   110 | D        | Found Jyurghulo's Book Shoppe.
   110 | D        | Found Plog's Jewellery Boutique.
   119 | D        | Noticed a hell hog
   119 | D        | Noticed a hell hog
   140 | D        | Bought a ring of flight for 210 gold pieces
   144 | D        | Bought a book of Geomancy for 330 gold pieces
   144 | D        | Bought a book of Transmutation for 308 gold pieces
   149 | D        | Learned a level 3 spell: Stone Arrow
   154 | D        | Learned a level 4 spell: Petrify
   174 | D        | Noticed Menkaure
   180 | D        | Found a snail-covered altar of Cheibriados.
   182 | D        | Found a shadowy altar of Dithmenos.
   186 | D        | Killed Menkaure
   189 | D        | Found a white marble altar of Elyvilon.
   189 | D        | Found an ancient bone altar of Kikubaaqudgha.
   189 | D        | Found a viscous altar of Jiyva.
   190 | D        | Found a blossoming altar of Fedhas.
   190 | D        | Found a corrupted altar of Lugonu.
   190 | D        | Found a shimmering blue altar of Sif Muna.
   191 | D        | Found an opulent altar of Gozag.
   191 | D        | Found a burning altar of Makhleb.
   191 | D        | Found a bloodstained altar of Trog.
   192 | D        | Found a sparkling altar of Nemelex Xobeh.
   192 | D        | Found a hide-covered altar of Uskayaw.
   193 | D        | Found an iron altar of Okawaru.
   193 | D        | Found a radiant altar of Vehumet.
   193 | D        | Found a glowing silver altar of Zin.
   193 | D        | Found a basalt altar of Yredelemnul.
   195 | D        | Found a hazy altar of Hepliaklqana.
   195 | D        | Found a sacrificial altar of Ru.
   195 | D        | Found a shimmering altar of Xom.
   196 | D        | Found a stormy altar of Qazlal.
   196 | D        | Found an ornate altar of the Wu Jian Council.
   196 | D        | Found a glowing golden altar of the Shining One.
   200 | D        | Became a worshipper of Dithmenos the Shadowed
   214 | D        | Noticed a polar bear
   215 | D        | Noticed a polar bear
   216 | D        | Killed a polar bear
   227 | D        | Killed a polar bear
   228 | D        | Reached skill level 1 in Conjurations
   228 | D        | Reached skill level 1 in Earth Magic
   237 | D        | Noticed a great orb of eyes
   241 | D        | Killed a great orb of eyes
   241 | D        | Reached * piety under Dithmenos
   242 | D        | Reached skill level 5 in Alchemy
   242 | D        | Reached XP level 9. HP: 24/47 MP: 7/17
   252 | D        | Noticed a deep elf master archer
   257 | D        | Killed a deep elf master archer
   258 | D        | Reached skill level 5 in Conjurations
   258 | D        | Reached skill level 5 in Earth Magic
   264 | D        | Reached ** piety under Dithmenos
   280 | D        | Noticed a yaktaur
   280 | D        | Noticed a polar bear
   281 | D        | Noticed a polar bear
   281 | D        | Noticed a polar bear
   283 | D        | Killed a polar bear
   288 | D        | Reached XP level 10. HP: 22/51 MP: 11/18
   305 | D        | HP: 1/51 [polar bear (5)]
   835 | D        | Reached *** piety under Dithmenos
  1146 | D        | Noticed a death drake
  1366 | D        | Noticed a crystal guardian
  1369 | D        | Noticed a death drake
  1371 | D        | Killed a death drake
  1372 | D        | Reached skill level 10 in Conjurations
  1372 | D        | HP: 2/51 [something (10)]
  1372 | D        | Succumbed to poison (dark miasma)

Illustrated notes

Levels and vault maps discovered:
D:        the_violet_keep_of_menkaure [sprint2_stairs_cluster_1,
          sprint2_shoproom, sprint2_temple, sprint2_basic_supplies,
          sprint2_obstacle_3, sprint2_obstacle_6, sprint2_obstacle_5,
          sprint2_obstacle_2, sprint2_obstacle_4, sprint2_timed_cluster_1,
          sprint2_smallroom_cluster_1, sprint2_smallroom_final_cluster_1,
          sprint2_transparent_cluster_1, sprint2_second_timed_cluster_1,
          sprint2_sniper_area_1, sprint2_heavy_combat_area_1,
          sprint2_mutation_trap_area_1, sprint2_forest_area_1,
          sprint2_light_combat_area_1, sprint2_behind_water_1,
          sprint2_near_end_vault_1]

Skill      XL: |  1  2  3  4  5  6  7  8  9 10 |
---------------+-------------------------------+-----
Fighting       | 2 3 4 5 |  5.0
Short Blades   | 3 5 8 10 | 10.0
Dodging        | 4 5 |  5.0
Stealth        | 6 7 10 13 15 | 15.0
Spellcasting   | 4 5 7 |  7.5
Hexes          | 5 8 11 14 | 14.0
Conjurations   | 3 7 10 | 10.0
Earth Magic    | 4 7 |  7.0
Alchemy        | 5 7 |  7.0

Action                     |  1- 3 |  4- 6 |  7- 9 | 10-12 || total
---------------------------+-------+-------+-------+-------++-------
  Melee: Dagger            |     6 |    32 |    32 |    24 ||    94
         Punch             |       |     1 |       |       ||     1
   Cast: Ensorcelled Hiber |       |     1 |     3 |     4 ||     8
         Confusing Touch   |       |       |     2 |     1 ||     3
         Dazzling Flash    |       |       |     2 |       ||     2
 Invoke: Shadow Step       |       |       |       |     1 ||     1
    Use: Potion            |     2 |     1 |     1 |     1 ||     5
         Scroll            |       |       |       |     1 ||     1
   Stab: Sleeping          |     2 |     5 |     7 |     5 ||    19
         Invisible         |     1 |     1 |     6 |     2 ||    10
         Confused          |       |       |     3 |     1 ||     4
 Armour: Robe              |       |     6 |    12 |     8 ||    26
  Dodge: Dodged            |     6 |     9 |    28 |    25 ||    68

Table legend: (Time is in decaauts)
 A = Elapsed time spent in this place.
 B = Non-inter-level travel time spent in this place.
 C = Inter-level travel time spent in this place.
 D = Time resting spent in this place.
 E = Time spent auto-exploring this place.
 F = Levels seen in this place.
 G = Mean time per level.
                   A        B        C        D        E       F      G
               +--------+--------+--------+--------+--------+-----+--------+
         Total |   1231 |   1229 |      2 |    966 |      0 |   1 | 1231.0 |
       Dungeon |   1231 |   1229 |      2 |    966 |      0 |   1 | 1231.0 |
               +--------+--------+--------+--------+--------+-----+--------+

Top non-repeatable levels by time:
       D: 1231 daAuts
